AoeStats
← psycstiks212

Black Forest

509432030Analyzed
2v2 RM · 6d ago on Sep 26, 2026· 30m 58s· 4 players
Game mode
Random Map
Map size
Medium (4 player)
Population
200
Speed
Normal
Resources
Standard
Victory
Conquest
Starting age
Dark Age
Ending age
Imperial Age
RankedLock teamsTeams togetherTeam positionsShared explorationLock speedFull tech treeHidden civsTurbo modeCheats
Victory
Defeat
🇦🇷 Varangians · Argentina
878
+11
🇦🇷 Chinese · Argentina
839
+13
🇮🇳 Byzantines · India
799
-13
🇺🇸 Burmese · United States
752
-11
vtarchitect1668
1:00 Loom
13:35 Feudal Age
15:11 Wheelbarrow
14:22 Double-Bit Axe
14:18 Horse Collar
19:37 Castle Age
18:55 Stone Mining
19:27 Gold Mining
21:24 Bow Saw
26:36 Hand Cart
26:23 Heavy Plow
28:34 Murder Holes
28:19 Treadmill Crane
psycstiks212
1:35 Loom
12:31 Feudal Age
14:58 Wheelbarrow
14:09 Town Watch
15:59 Padded Archer Armor
17:07 Horse Collar
24:06 Castle Age
25:48 Pikeman
26:28 Squires
26:14 Arson
FRIGZ
0:31 Loom
15:03 Feudal Age
16:18 Double-Bit Axe
16:16 Horse Collar
19:07 Castle Age
20:12 Bow Saw
22:14 Gold Mining
23:25 Fletching
25:59 Wheelbarrow
26:04 Heavy Plow
27:47 Padded Archer Armor
29:10 Leather Archer Armor
30:57 Bodkin Arrow
Nanabia
2:57 Loom
14:45 Feudal Age
18:57 Castle Age
16:48 Double-Bit Axe
16:44 Horse Collar
23:01 Bow Saw
22:52 Heavy Plow
24:41 Wheelbarrow
24:53 Fletching
25:40 Hand Cart
26:29 Gold Mining
26:52 Padded Archer Armor
27:45 Town Watch
30:06 Ballistics
29:45 Bodkin Arrow
30:05 Leather Archer Armor
29:58 Scale Barding Armor
33:38 Imperial Age
Connection lost

Rejoining the realm…

Still unreachable

The connection could not be restored.

Session expired

The server has moved on; the page needs a fresh start.